 Dungeon Sprint DCSS version 0.17-a0-1674-g2b13139 (webtiles) character file.

74 Kidiri the Sneak (level 4, -2/31 HPs)
             Began as a Spriggan Enchanter on Aug 18, 2015.
             Slain by a water elemental (15 damage)
             ... in the Dungeon (Sprint III: "The Ten Rune Challenge").
             The game lasted 00:01:45 (739 turns).

Kidiri the Sneak (Spriggan Enchanter)                Turns: 739, Time: 00:01:45

Health: -2/31      AC:  3    Str:  9    XL:     4   Next: 9%
Magic:  12/12      EV: 21    Int: 16    God:
Gold:   39         SH:  0    Dex: 15    Spells: 5 memorised, 1 level left

rFire  . . .     SeeInvis +     a - +1 dagger
rCold  . . .     Clarity  .     b - +1 robe
rNeg   . . .     SustAt   .     (shield restricted)
rPois  .         Gourm    .     (helmet restricted)
rElec  .         Spirit   .     (no cloak)
rCorr  .         Warding  .     (gloves unavailable)
rMut   .         NoTele   +     (boots unavailable)
MR     .....                    (no amulet)
Stlth  ..........               (no ring)
                                (no ring)

@: berserking, very quick, not resistant to hostile enchantments, extremely
unstealthy
A: unfitting armour, see invisible, clumsy 1, herbivore 3, speed 3, sense
surroundings 2, slow metabolism 2, wild magic 1, MP-powered wands
a: no special abilities


You were in the Dungeon.
You were not hungry.

You visited 1 branch You collected 39 gold pieces.

Inventory:

Hand weapons
 a - a +1 dagger (weapon)
Armour
 b - a +1 robe (worn)
Scrolls
 j - a scroll of blinking
 l - a scroll of torment
 n - 3 scrolls of remove curse
 r - 2 scrolls of recharging
Potions
 e - a potion of curing
 g - a potion of haste
 h - 2 potions of magic
 p - 3 potions of cure mutation
 q - 3 potions of flight
Books
 c - a book of Maledictions

   Spells                             Type                      Level
   a - Corona                         Hexes                        1
   b - Ensorcelled Hibernation        Hexes/Ice                    2
   c - Confuse                        Hexes                        3
   d - Tukima's Dance                 Hexes                        3
   e - Dazzling Spray                 Conjuration/Hexes            3
Comestibles
 d - a bread ration
 o - a royal jelly
 s - 4 fruits


   Skills:
 + Level 3.0 Short Blades
 * Level 6.0 Dodging
 * Level 7.4 Stealth
 * Level 5.1 Spellcasting
 + Level 0.0 Conjurations
 + Level 5.0 Hexes
 + Level 1.7 Ice Magic


You had one spell level left.
You knew the following spells:

 Your Spells              Type           Power        Failure   Level  Hunger
a - Corona                Hex            ####...      5%          1    None
b - Ensorcelled Hibernat  Hex/Ice        ###...       16%         2    #......
c - Confuse               Hex            ####....     16%         3    ###....
d - Tukima's Dance        Hex            ####....     16%         3    ###....
e - Dazzling Spray        Conj/Hex       ###.....     30%         3    ###....


Dungeon Overview and Level Annotations

Branches:
Dungeon (1/1)

Altars:


Innate Abilities, Weirdness & Mutations

You are tiny and cannot use many weapons and most armour.
You have supernaturally acute eyesight.
You are a herbivore.
You cover ground extremely quickly.
You need consume almost no food.
You are clumsy. (Dex -2)
You passively map the area around you.
Your spells are a little harder to cast, but a little more powerful.
You expend magic power (3 MP) to strengthen your wands.


Message History

Unknown command.
There is an open door to the Ecumenical Temple here.
Drink which item? (? for menu, Esc to quit)
You feel much better.
Drink which item? (? for menu, Esc to quit)
A red film seems to cover your vision as you go berserk!
You feel yourself moving faster!
You feel mighty!
You hit the water elemental.
The water elemental is lightly damaged.
The water elemental hits you!!
Ouch! That really hurt!
You barely miss the water elemental.
The water elemental is lightly damaged.
The water elemental misses you.
You barely miss the water elemental.
The water elemental is lightly damaged.
You barely miss the water elemental.
The water elemental is lightly damaged.
The water elemental hits you!
You die...

▓<.#..+....♣♣♣ ♣.# ** * **
▓..#..#......♣ ♣.# _ *
▓#'####....♣♣♣ ♣.# , ,
▓.....#....≈.♣ ♣♣.###+#+###
, ▓.....#...≈≈.♣
♣..#........, *
▓.....#..≈≈≈≈♣♣♣..'.⌠......
,
▓####'#..≈≈≈≈≈≈...#...#####
+ ▓(..%%#.≈≈≈≈≈≈..E.#.⌠.#
_* *
▓.....#.≈≈≈≈≈..@..#...# *
▓.....#.≈≈≈.......#+### *
**, ▓'#####...........#, *
* , +
▓.................#___ + ,
▓▓▓▓▓▓▓▓▓▓▓▓▓▓▓▓▓▓▓* * * *
* *, +, , * , ≈ * , ≈≈ ≈ ,
* ≈≈ ≈ ≈ * * ,, ,≈≈≈ ≈ **
** *


You could see a water elemental.

Vanquished Creatures
  A scorpion (D)
  A human (D)
  2 oozes (D)
  2 rats (D)
6 creatures vanquished.

Vanquished Creatures (others)
  2 draconian scorchers (D)
  2 yaktaurs (D)
  A fire drake (D)
  An electric eel (D)
  4 plants (D)
10 creatures vanquished.

Grand Total: 16 creatures vanquished

Notes
Turn   | Place    | Note
--------------------------------------------------------------
     0 | D        | Kidiri the Spriggan Enchanter began the quest for the Orb.
     0 | D        | Reached XP level 1. HP: 9/9 MP: 5/5
     7 | D        | Reached skill level 5 in Stealth
    10 | D        | Reached XP level 2. HP: 7/13 MP: 5/7
   169 | D        | Killed a white draconian scorcher
   177 | D        | Killed a white draconian scorcher
   229 | D        | Learned a level 2 spell: Ensorcelled Hibernation
   315 | D        | Reached skill level 6 in Stealth
   315 | D        | Reached skill level 1 in Ice Magic
   315 | D        | Reached XP level 3. HP: 16/16 MP: 5/9
   318 | D        | Killed a yaktaur
   322 | D        | Learned a level 3 spell: Confuse
   326 | D        | Learned a level 3 spell: Tukima's Dance
   356 | D        | Noticed a scorpion
   372 | D        | Killed a scorpion
   372 | D        | Reached skill level 7 in Stealth
   372 | D        | Reached skill level 5 in Spellcasting
   372 | D        | Reached skill level 5 in Hexes
   372 | D        | Reached XP level 4. HP: 21/21 MP: 2/12
   379 | D        | Learned a level 3 spell: Dazzling Spray
   434 | D        | Killed a yaktaur
   472 | D        | Gained mutation: Your spells are a little harder to cast, but a little more powerful. [potion of mutation]
   472 | D        | Gained mutation: You passively map a small area around you. [potion of mutation]
   472 | D        | Gained mutation: You passively map the area around you. [potion of mutation]
   473 | D        | Gained mutation: You are clumsy. (Dex -2) [potion of mutation]
   473 | D        | Gained mutation: You expend magic power (3 MP) to strengthen your wands. [potion of mutation]
   550 | D        | Killed a fire drake
   682 | D        | Killed an electric eel
   727 | D        | Noticed a water elemental
   729 | D        | HP: 1/21 [water elemental (20)]
   739 | D        | Slain by a water elemental

Vault maps used:
D:        dungeon_sprint_mu

Action                   |  1- 3 |  4- 6 || total
-------------------------+-------+-------++-------
Melee: Dagger            |    23 |     4 ||    27
 Cast: Ensorcelled Hiber |     5 |       ||     5
       Corona            |     1 |       ||     1
  Use: Potion            |       |     4 ||     4
       Scroll            |       |     3 ||     3
 Stab: Sleeping          |     3 |       ||     3
